Unix NetHack Version 3.7.0-66 Work-in-progress - last build Dec 26 2022 05:50:31 (55254d10815e23f0e7c0ebc937178fe17f3ffff8,branch:master). Game began 2022-12-27 13:10:59, ended 2022-12-27 14:24:39. Gandelf, neutral male human Monk --------------- |.............| |.............| |.............| #..............| ###|.............| # --|------------ # # # # ## ## # ## # # --- ------- ## # |.....$.....#v#### --.---------- |........ # +...........| |.... |.........<.| | . |..(........| ------------- Gandelf the Initiate St:17 Dx:13 Co:14 In:9 Wi:15 Ch:9 Neutral S:9859 Dlvl:11 $:775 HP:0(55) Pw:28(40) AC:-2 Xp:8/2131 T:8290 Burdened Latest messages: The 2nd shuriken misses the gold golem. The shuriken misses the gold golem. The gold golem hits! The gold golem hits! You hit the gold golem! The gold golem hits! The gold golem misses! You hit the gold golem! The gold golem hits! The gold golem just misses! You hit the gold golem! You hit the gold golem! The gold golem hits! The gold golem hits! The giant ant bites! You hit the gold golem! The gold golem hits! The gold golem hits! The dog bites the gold golem. The giant ant misses! The dog bites the gold golem. The gold golem hits the dog. The gold golem misses the dog. The giant ant bites! You hit the gold golem! The gold golem hits! The gold golem misses! The giant ant misses! You destroy the gold golem! The giant ant bites! The dog bites the giant ant. The giant ant misses the dog. The giant ant bites! You kill the giant ant! You have a little trouble lifting $ - 152 gold pieces (775 in total). You have a little trouble lifting e - 2 shuriken (at the ready). You have a little trouble lifting e - a shuriken (at the ready) (3 in total). The energy vortex engulfs you! The air around you crackles with electricity. You feel your magical energy drain away. The air around you crackles with electricity. You feel your magical energy drain away. You hit the energy vortex. You are jolted with electricity! You die... Do you want your possessions identified? [ynq] (y) y Do you want to see your attributes? [ynq] (y) y Do you want an account of creatures vanquished? [ynaq] (y) y Do you want to see your conduct and achievements? [ynq] (y) y Do you want to see the dungeon overview? [ynq] (y) y Inventory: Coins $ - 775 gold pieces Amulets x - a blessed amulet of guarding (being worn) O - an uncursed amulet of strangulation Weapons e - 3 +0 shuriken (at the ready) Armor T - a blessed +0 dwarvish iron helm (being worn) a - an uncursed +2 pair of leather gloves (being worn) u - an uncursed +0 pair of iron shoes R - an uncursed +0 pair of iron shoes (being worn) B - an uncursed +0 cloak of protection s - a blessed +1 dwarvish cloak F - a blessed +1 dwarvish cloak S - a blessed +1 dwarvish cloak b - an uncursed +1 robe (being worn) Comestibles h - 4 uncursed apples D - 2 uncursed food rations i - 6 uncursed oranges P - an uncursed sprig of wolfsbane n - an uncursed tripe ration N - 2 uncursed tripe rations C - an uncursed lizard corpse Scrolls M - an uncursed scroll of blank paper d - an uncursed scroll of food detection Q - an uncursed scroll of identify Spellbooks c - a blessed spellbook of healing l - an uncursed spellbook of protection Potions G - an uncursed potion of restore ability Rings p - an uncursed ring of teleport control Wands Y - a wand of magic missile (0:4) y - a wand of polymorph (0:6) H - a wand of undead turning (0:2) Tools A - an uncursed oilskin sack containing 17 items v - an uncursed blindfold z - an uncursed credit card k - a magic marker (0:64) t - an uncursed oil lamp J - an uncursed skeleton key E - a +0 unicorn horn U - an uncursed wax candle Gems/Stones V - 2 uncursed worthless pieces of blue glass W - an uncursed worthless piece of violet glass Z - an uncursed worthless piece of yellow glass K - an uncursed luckstone m - an uncursed touchstone Contents of the oilskin sack: an uncursed scroll of amnesia an uncursed scroll of charging an uncursed scroll of destroy armor an uncursed scroll of earth 2 uncursed scrolls of enchant armor 2 uncursed scrolls of enchant weapon an uncursed scroll of food detection a blessed scroll of light a blessed scroll of light an uncursed scroll of stinking cloud an uncursed potion of hallucination an uncursed potion of monster detection an uncursed potion of paralysis an uncursed diluted potion of see invisible a potion of holy water 3 uncursed potions of water a +0 pick-axe Gandelf the Monk's attributes: Background: You were an Initiate, a level 8 male human Monk. You were neutral, on a mission for Chih Sung-tzu who was opposed by Shan Lai Ching (lawful) and Huan Ti (chaotic). You were in the Dungeons of Doom, on level 11. You entered the dungeon 8290 turns ago. You had 2131 experience points, 429 more were needed to attain level 9. Your score was 9859 before end-of-game adjustments. Basics: You had 0 out of 55 hit points. You had 28 out of 40 energy points (spell power). Your armor class was -2. Your wallet contained 775 zorkmids. Autopickup was on for '$?!+/=' plus thrown. FinalCharacteristics: Your strength was 17 (peak:18, limit:18/100). Your dexterity was 13 (limit:18). Your constitution was 14 (limit:18). Your intelligence was 9 (limit:18). Your wisdom was 15 (limit:18). Your charisma was 9 (limit:18). Final Status: You were engulfed by an energy vortex. You were not hungry. You were burdened; movement was slightly slowed. You were empty handed. You had basic skill with martial arts and could have enhanced that. Final Attributes: You were piously aligned. You were sleep resistant. You were poison resistant. You saw invisible. You were telepathic. You were warned. You were stealthy. You had a small defense bonus (+2). You were protected. You were fast. You were lucky. You had extra luck. Bad luck did not time out for you. Good luck did not time out for you. You are dead. Miscellaneous: You never encountered a bones level. Total elapsed playing time was 1 hour, 11 minutes and 53 seconds. Major events: Turn 1: Gandelf the neutral male human Monk entered the dungeon 1376: attained the rank of Novice (level 3) 1911: entered the Gnomish Mines 2834: attained the rank of Initiate (level 6) 3470: reached Mine Town 7190: entered Sokoban 8290: killed by an energy vortex Vanquished creatures: 2 small mimics a glass piercer a carnivorous ape 2 wolves a lynx a gremlin 3 leprechauns a giant spider a vampire bat a brown pudding a gold golem a lizard a chickatrice a white unicorn 3 ravens 6 water moccasins 2 human zombies 4 fire ants 2 imps a rock mole a fog cloud 2 yellow lights a shrieker 5 gnome leaders a gnomish wizard a kobold mummy a barrow wight an elf zombie a ghoul a paper golem 3 giant ants a little dog 2 floating eyes 9 dwarves a homunculus 3 kobold shamans 5 hill orcs 6 rothes a giant bat a monkey a wererat 3 iguanas 3 acid blobs a coyote 2 hobbits 4 manes a large kobold 8 giant rats 6 cave spiders a red mold 25 gnomes 5 garter snakes 3 gnome zombies 3 geckos 9 jackals 2 foxes 2 kobolds a goblin 5 grid bugs a bat 6 lichens 2 kobold zombies 7 newts 184 creatures vanquished. No species were genocided or became extinct. Voluntary challenges: You never hit with a wielded weapon. You read items or engraved 9 times. You never engraved Elbereth. You never genocided any monsters. You never polymorphed an object. You never changed form. You used no wishes. You did not violate any of the special Sokoban rules. Achievements: You entered a shop. You attained the rank of Novice. You entered the Gnomish Mines. You attained the rank of Initiate. You entered Minetown. You entered a temple. You entered Sokoban. The Dungeons of Doom: levels 1 to 11 Level 1: Level 2: A general store. Level 3: Stairs down to The Gnomish Mines. Level 4: Level 5: Level 6: A potion shop, a sink. Level 7: A jewelers, a sink. Level 8: Level 9: Many fountains. Level 10: A general store. Stairs up to Sokoban, level 9. Level 11: <- You were here. Final resting place for you, killed by an energy vortex. The Gnomish Mines: levels 4 to 8 Level 4: Level 5: Level 6: A bookstore, a temple, some fountains. Level 7: Level 8: Sokoban: Level 9: Unsolved. Game over: ---------- / \ / REST \ / IN \ / PEACE \ / \ | Gandelf | | 775 Au | | killed by an | | energy vortex | | | | | | 2022 | *| * * * | * _________)/\\_//(\/(/\)/\//\/|_)_______ Goodbye Gandelf the Monk... You died in The Dungeons of Doom on dungeon level 11 with 9782 points, and 775 pieces of gold, after 8290 moves. You were level 8 with a maximum of 55 hit points when you died.